 Dungeon Crawl Stone Soup version 0.26-a0-665-gefeb406119 (webtiles) character file.

Game seed: 1434098408934770948

46 Ijustatesigmund the Skirmisher (level 3, -8/22 HPs)
             Began as a Spriggan Wanderer on Oct 15, 2020.
             Killed from afar by Sigmund (10 damage)
             ... with a puff of flame
             ... on level 2 of the Dungeon.
             The game lasted 00:03:23 (1810 turns).

Ijustatesigmund the Skirmisher (Spriggan Wanderer)  Turns: 1810, Time: 00:03:24

Health: -8/22      AC:  4    Str:  9    XL:     3   Next: 46%
Magic:  4/4        EV: 18    Int: 12    God:
Gold:   90         SH:  0    Dex: 16    Spells: 2/2 levels left

rFire    . . .     SeeInvis +   a - +2 mace
rCold    . . .     Faith    .   (shield restricted)
rNeg     . . .     Spirit   .   b - +0 robe
rPois    .         Reflect  .   m - +2 hat
rElec    .         Harm     .   f - scarf {shadows}
rCorr    .         Rampage  .   (gloves unavailable)
MR       .....                  (boots unavailable)
Stlth    +++.......             (no amulet)
HPRegen  0.07/turn              (no ring)
MPRegen  0.09/turn              (no ring)

@: mighty, brilliant, very quick
A: very small, unfitting armour, see invisible, speed 3
a: no special abilities


You were on level 2 of the Dungeon.
You visited 1 branch of the dungeon, and saw 2 of its levels.

You collected 90 gold pieces.

Inventory:

Hand Weapons
 a - a +2 mace (weapon)
 d - a +1 short sword
Armour
 b - a +0 robe (worn)
 f - a scarf of shadows (worn)
 m - a +2 hat (worn)
Scrolls
 c - a scroll of teleportation
 j - a scroll of random uselessness
Potions
 g - 2 potions of flight
 k - a potion of curing
 n - a potion of lignification {unknown}


   Skills:
 - Level 4.9 Fighting
 + Level 2.3 Short Blades
 - Level 1.0 Maces & Flails
 + Level 2.6 Dodging
 - Level 4.2 Stealth


You had 2 spell levels left.
You didn't know any spells.
Your spell library was empty.

Dungeon Overview and Level Annotations

Branches:
Dungeon (2/15)

Altars:

Annotations:
D:2 Sigmund


Innate Abilities, Weirdness & Mutations

You are very small and have problems with some larger weapons.
You are too small for most types of armour.
You have supernaturally acute eyesight. (SInv)
You cover ground extremely quickly.


Message History

Sigmund shouts!
You feel very mighty all of a sudden.
You start waiting.
Sigmund casts a spell at you. The puff of flame hits you!
It was a potion of heal wounds.
You feel much better.
You barely miss Sigmund. Sigmund hits you with a +0 scythe!
Ouch! That really hurt!
You sock Sigmund!
Sigmund is moderately wounded.
Sigmund hits you with a +0 scythe!
* * * LOW HITPOINT WARNING * * *
You sock Sigmund!
Sigmund is severely wounded.
Sigmund misses you.
It was a potion of brilliance.
You feel clever all of a sudden. Sigmund gestures at you while chanting.
The puff of flame hits you!
You die...

#.. #..##....# ##..#
##.. .....# .....###..#
#...# #..#..†#†###..#
#.............#
##.#..##.####.#
#.#..##.# ##'##
#..####.....<.###...##
#......@@..#####.....##
..######..##
##.......## ...#
#.........# ...<..
+.........'
#....###..>......#
##...# ##.(.....## ...#
##.....## ##...## ##'##


You could see Sigmund.

Vanquished Creatures
  An adder (D:2)
  2 dart slugs (D:1)
  6 bats (D:1)
  3 giant cockroaches
  2 goblins
  3 hobgoblins
  4 jackals
  A frilled lizard (D:1)
  5 kobolds
  6 rats
33 creatures vanquished.

Notes
Turn   | Place    | Note
-------+----------+-------------------------------------------
     0 | D:1      | Ijustatesigmund the Spriggan Wanderer began the quest for
                  | the Orb.
     0 | D:1      | Ijustatesigmund set off with the following items: a +2
                  | mace, a +0 robe, a scroll of teleportation, a +0 dagger
     0 | D:1      | Reached XP level 1. HP: 14/14 MP: 2/2
   485 | D:1      | Reached skill level 1 in Short Blades
   524 | D:1      | Reached XP level 2. HP: 18/18 MP: 3/3
  1331 | D:2      | Reached XP level 3. HP: 21/22 MP: 4/4
  1799 | D:2      | Noticed Sigmund
  1810 | D:2      | Killed from afar by Sigmund

Illustrated notes

Levels and vault maps discovered:
D:1:      dpeg_arrival_brainrot, layout_basic, minmay_tromino_mix6
D:2:      layout_loops_corners, lemuel_round_altar, uniq_natasha, uniq_sigmund,
          uniq_crazy_yiuf_cottage

Skill      XL: |  1  2 |
---------------+-------+-----
Short Blades   | 1 2 |  2.3
Stealth        | 4 |  4.2
Dodging        | 2 |  2.6
Fighting       | |  4.9
Maces & Flails | |  1.0

Action                   || total
-------------------------++-------
Melee: Mace              ||   106
  Use: Scroll            ||     6
       Potion            ||     3
 Stab: Sleeping          ||     5
       Distracted        ||     1
Armor: Robe              ||    19
Dodge: Dodged            ||   108

Table legend: (Time is in decaauts)
 A = Elapsed time spent in this place.
 B = Non-inter-level travel time spent in this place.
 C = Inter-level travel time spent in this place.
 D = Time resting spent in this place.
 E = Time spent auto-exploring this place.
 F = Levels seen in this place.
 G = Mean time per level.
                   A        B        C        D        E       F      G
               +--------+--------+--------+--------+--------+-----+--------+
         Total |   1443 |   1429 |     14 |    534 |    626 |   2 |  721.5 |
       Dungeon |   1443 |   1429 |     14 |    534 |    626 |   2 |  721.5 |
               +--------+--------+--------+--------+--------+-----+--------+

Top non-repeatable levels by time:
     D:1: 1038 daAuts
     D:2: 405 daAuts
